 Dungeon Crawl Stone Soup version 0.18-a0-1045-g4e042de (webtiles) character file.

2983 timbw the Cleaver (level 9, -13/47 HPs)
             Began as a Vine Stalker Fighter on Jan 11, 2016.
             Was a Priest of Okawaru.
             Engulfed by a cloud of freezing vapour (22 damage)
             ... in an ice cave.
             The game lasted 00:08:55 (1339 turns).

timbw the Cleaver (Vine Stalker Fighter)            Turns: 1339, Time: 00:08:55

Health: -13/47     AC: 15    Str: 19    XL:     9   Next: 83%
Magic:  0/10       EV:  9    Int:  8    God:    Okawaru [***...]
Gold:   182        SH: 11    Dex: 17    Spells: 0 memorised, 8 levels left

rFire  . . .     SeeInvis .     f - 2 bread rations
rCold  . . .     Gourm    .     o - +0 plate armour
rNeg   . . .     Faith    .     c - +0 shield
rPois  .         Spirit   +     (no helmet)
rElec  .         Dismiss  .     (no cloak)
rCorr  .         Reflect  .     (no gloves)
SustAt .         Harm     .     m - +0 pair of boots
MR     +....                    (no amulet)
Stlth  ..........               (no ring)
                                (no ring)

@: heroism, somewhat resistant to hostile enchantments, extremely unstealthy
A: fangs 3, regeneration 2, magic shield, antimagic bite, no device heal 3, rot
immunity
a: Heroism, Renounce Religion


You were in an ice cave.
You worshipped Okawaru.
Okawaru was most pleased with you.
You were not hungry.

You visited 3 branches of the dungeon, and saw 12 of its levels.
You also visited: Ice Cave.

You collected 182 gold pieces.

Inventory:

Hand Weapons
 a - a +0 war axe
Armour
 b - a +0 scale mail
 c - a +0 shield (worn)
 m - a +0 pair of boots (worn)
 o - a +0 plate armour (worn)
Jewellery
 e - an uncursed ring of flight
 g - an uncursed ring of teleportation
Wands
 p - a wand of disintegration (18/24)
 q - a wand of fire (3/15)
 B - a wand of paralysis (12/24)
 G - a wand of paralysis (22/24)
Scrolls
 i - a scroll of enchant armour {unknown}
 j - a scroll of amnesia {unknown}
 l - a scroll of recharging {unknown}
 r - a scroll of immolation {unknown}
 s - a scroll of identify
 u - a scroll of fog {unknown}
 x - a scroll of teleportation {unknown}
 z - a scroll of remove curse
 D - a scroll of holy word {unknown}
 E - a scroll of magic mapping
Potions
 d - a potion of haste
 t - a potion of magic {unknown}
 v - 3 potions of poison {unknown}
 A - a potion of brilliance {unknown}
 C - a potion of cure mutation {unknown}
Books
 y - a book of Ice

   Spells                             Type                      Level
   a - Ice Form                       Ice/Transmutation            4
   b - Metabolic Englaciation         Hexes/Ice                    5
   c - Ozocubu's Refrigeration        Ice                          6
   d - Bolt of Cold                   Conjuration/Ice              6
   e - Freezing Cloud                 Conjuration/Ice/Air          6
   f - Simulacrum                     Ice/Necromancy               6
Comestibles
 f - 2 bread rations (in hand)
 k - 3 beef jerkies
 n - 7 chunks of flesh
 w - 2 meat rations
 F - 4 fruits


   Skills:
 + Level 5.3(10.3) Fighting
 * Level 9.5(14.5) Axes
 + Level 4.7(9.7) Armour
 + Level 3.9(8.9) Dodging
 - Level 2.6(7.6) Shields


You had 8 spell levels left.
You didn't know any spells.

Dungeon Overview and Level Annotations

Branches:
Dungeon (10/15)            Temple (1/1) D:4            Lair (1/8) D:8
    Orc: D:9-12

Altars:
Ashenzari
Cheibriados
Dithmenos
Elyvilon
Fedhas
Gozag
Makhleb
Okawaru
Qazlal
Ru
Sif Muna
Yredelemnul
Zin
The Shining One

Shops:
D:4 (

Annotations:
IceCv exclusion: 2 ice statues


Innate Abilities, Weirdness & Mutations

You have razor-sharp teeth.
You heal very quickly.
When hurt, damage is shared between your health and your magic reserves.
Your bite disrupts and absorbs the magic of your enemies.
Potions and wands cannot restore your health.
You are immune to rotting.


Message History

Unknown command.
Your plate armour prevents you from hitting the ice beast.
Your bite misses the ice beast. You slash the ice beast!
You bite the ice beast, but do no damage.
The ice beast is moderately wounded.
You block the ice beast's attack.
You slash the ice beast! You bite the ice beast. You drain its power.
The ice beast is almost dead.
The ice beast hits you but does no damage.
You slash the ice beast!
You kill the ice beast!
Wield which item (- for none, * to show all)? (? for menu, Esc to quit)
f - 2 bread rations (in hand)
You swing at nothing.
You swing at nothing.
You are engulfed in freezing vapours.
You swing at nothing.
You are engulfed in freezing vapours.
* * * LOW HITPOINT WARNING * * *
You swing at nothing.
You are engulfed in freezing vapours.
You die...

#§§.## #§§§##
##§§§## ##§..#
##§§# ##§§##
#§§## ##§§####
#8#@..§#8#
#..........#
#............#
..............#
..#..........##
. ##..........#
##........##
#####...##
#####


There were no monsters in sight!

Vanquished Creatures
  2 black mambas (Lair:1)
  The ghost of totalnoob the Sneak, an amateur NaAs (D:4)
  A yak (D:9)
  A hippogriff (Lair:1)
  A water moccasin (D:9)
  A porcupine (Lair:1)
  An ice beast (D:6)
  Duvessa (D:7)
  2 phantoms
  A black bear (D:9)
  A centaur (D:9)
  An orc warrior (D:6)
  A crocodile (D:10)
  2 giant frogs
  Dowan (D:7)
  A water moccasin skeleton (D:9)
  5 killer bees (D:9)
  A hound (D:6)
  A giant frog skeleton (D:9)
  An orc priest (D:5)
  2 iguanas
  4 orc wizards
  3 worker ants
  3 adders
  A shadow imp (D:9)
  14 white imps
  3 ufetubi (IceCv)
  An adder zombie (D:9)
  A worm (D:4)
  A giant gecko (D:7)
  11 orcs
  2 giant cockroaches
  A hobgoblin (D:2)
  A kobold (D:2)
  2 rats (D:2)
77 creatures vanquished.

Vanquished Creatures (others)
  A white imp (IceCv)
  5 ufetubi (IceCv)
6 creatures vanquished.

Grand Total: 83 creatures vanquished

Notes
Turn   | Place    | Note
--------------------------------------------------------------
     0 | D:1      | timbw the Vine Stalker Fighter began the quest for the Orb.
     0 | D:1      | Reached XP level 1. HP: 11/11 MP: 2/2
     0 | D:1      | Noticed a spriggan
     1 | D:1      | Noticed a formicid
     5 | D:1      | Noticed a vine stalker
     6 | D:1      | Noticed a vine stalker
     8 | D:1      | Noticed a minotaur
    10 | D:1      | Noticed an octopode
    10 | D:1      | Noticed a minotaur
    12 | D:1      | Noticed a formicid
    13 | D:1      | Noticed a centaur
    14 | D:1      | Noticed a gargoyle
    18 | D:1      | Noticed a centaur
    18 | D:1      | Noticed a spriggan
    20 | D:1      | Noticed an ogre
    28 | D:2      | Found a shattered altar of Ashenzari.
   131 | D:4      | Reached XP level 2. HP: 10/16 MP: 1/3
   149 | D:4      | Found a staircase to the Ecumenical Temple.
   157 | Temple   | Entered the Ecumenical Temple
   169 | Temple   | Became a worshipper of Warmaster Okawaru
   186 | D:4      | Reached skill level 3 in Axes
   186 | D:4      | Reached XP level 3. HP: 9/19 MP: 1/4
   211 | D:5      | Entered Level 5 of the Dungeon
   221 | D:4      | Noticed totalnoob's ghost (amateur NaAs)
   236 | D:4      | Killed totalnoob's ghost
   236 | D:4      | Reached skill level 5 in Axes
   236 | D:4      | Reached XP level 4. HP: 15/23 MP: 2/5
   236 | D:4      | Reached XP level 5. HP: 17/27 MP: 2/6
   236 | D:4      | Gained mutation: You heal very quickly. [Vine Stalker growth]
   236 | D:4      | Reached XP level 6. HP: 20/32 MP: 2/7
   275 | D:4      | Found Kuijan's Antique Weapon Emporium.
   404 | D:5      | Reached skill level 6 in Axes
   463 | D:5      | Reached * piety under Okawaru
   483 | D:5      | Found a white marble altar of Elyvilon.
   499 | D:6      | Found a stormy altar of Qazlal.
   527 | D:6      | Noticed an ice beast
   539 | D:6      | Killed an ice beast
   539 | D:6      | Reached XP level 7. HP: 35/35 MP: 8/8
   562 | D:6      | Reached skill level 7 in Axes
   652 | D:8      | Reached skill level 1 in Dodging
   684 | D:9      | Gained mutation: You have razor-sharp teeth. [Vine Stalker growth]
   684 | D:9      | Reached XP level 8. HP: 40/40 MP: 9/9
   736 | D:10     | Entered Level 10 of the Dungeon
   774 | D:9      | Reached ** piety under Okawaru
   799 | D:9      | Reached skill level 8 in Axes
   887 | D:9      | Noticed a yak
   893 | D:9      | Killed a yak
   924 | D:9      | Reached XP level 9. HP: 45/45 MP: 10/10
  1042 | D:9      | Found a white marble altar of Elyvilon.
  1042 | D:9      | Found a basalt altar of Yredelemnul.
  1043 | D:9      | Found a blossoming altar of Fedhas.
  1077 | D:8      | Found a staircase to the Lair.
  1085 | D:7      | Noticed Duvessa
  1085 | D:7      | Noticed Dowan
  1090 | D:7      | Killed Duvessa
  1097 | D:7      | Killed Dowan
  1110 | Lair:1   | Entered Level 1 of the Lair of Beasts
  1110 | Lair:1   | Noticed a black mamba
  1110 | Lair:1   | Noticed a black mamba
  1122 | Lair:1   | Killed a black mamba
  1122 | Lair:1   | Reached skill level 9 in Axes
  1127 | Lair:1   | Killed a black mamba
  1127 | Lair:1   | Reached *** piety under Okawaru
  1127 | Lair:1   | Reached skill level 5 in Fighting
  1129 | Lair:1   | HP: 2/47 [hippogriff (3)]
  1193 | Lair:1   | Found a frozen archway.
  1268 | IceCv    | Entered an ice cave
  1326 | IceCv    | Noticed an ice statue
  1326 | IceCv    | Noticed an ice statue
  1339 | IceCv    | Engulfed by a cloud of freezing vapour

Vault maps used:
D:1:      shiori_arrival_whats_in_store_for_you
D:2:      ashenzari_conservatory_becter, first_bread
D:4:      minmay_temple_entry_statues_fountains, serial_shops,
          nicolae_shop_crystal, uniq_pikel
D:5:      nicolae_overflow_hidden_temple, minivault_11, elyvilon_altar_4
D:6:      kennysheep_vampire_church, old_standard_altar
D:7:      the_bakery, st_stairs_4, uniq_duvessa
D:8:      vehumet_statue, lair_0_dummy
D:9:      kennysheep_blocky_room, gammafunk_temple_overflow_claw
D:10:     cheibrodos_breeding_chamber, mrwooster_statue_mirror,
          grunt_pakellas_mercury
Temple:   circular_temple_12
Lair:1:   forest_paths, portal_ice_cave_entry_imps, serial_bayou_shore_b
IceCv:    ice_cave_small_demon

Action                   |  1- 3 |  4- 6 |  7- 9 || total
-------------------------+-------+-------+-------++-------
Melee: War axe           |    39 |    34 |   189 ||   262
Invok: Heroism           |       |     2 |     9 ||    11
  Use: Scroll            |     2 |     3 |       ||     5
       Potion            |     1 |       |     1 ||     2
  Eat: Chunk             |       |       |     3 ||     3
